AoeStats
← Jayklops

Arabia

510959391Analyzed
1v1 RM · 9h ago on Oct 3, 2026· 42m 17s· 2 players
Game mode
Random Map
Map size
Tiny (2 player)
Population
200
Speed
Normal
Resources
Standard
Victory
Conquest
Starting age
Dark Age
Ending age
Imperial Age
RankedLock teamsTeams togetherTeam positionsShared explorationLock speedFull tech treeHidden civsTurbo modeCheats
Victory
Defeat
🇮🇹 Aztecs · Italy
1993
+13
🇩🇪 Bulgarians · Germany
1932
-13
Jayklops
6:30 Loom
8:58 Feudal Age
14:34 Fletching
15:37 Double-Bit Axe
15:35 Horse Collar
21:21 Castle Age
20:25 Scale Barding Armor
21:26 Forging
22:23 Bloodlines
22:15 Husbandry
22:53 Bow Saw
23:22 Wheelbarrow
23:13 Chain Barding Armor
23:33 Iron Casting
25:31 Chain Barding Armor
26:07 Light Cavalry
31:05 Devotion
32:23 Stone Mining
32:57 Heavy Plow
37:40 Imperial Age
35:23 Town Watch
36:45 Scale Mail Armor
36:41 Bodkin Arrow
37:37 Padded Archer Armor
38:03 Elite Konnik
39:24 Plate Barding Armor
40:21 Parthian Tactics
39:20 Heavy Cavalry Archer
41:10 Ballistics
41:43 Parthian Tactics
41:21 Gold Mining
OS+ | 青田龙
5:58 Loom
9:58 Feudal Age
10:29 Double-Bit Axe
13:41 Fletching
15:26 Horse Collar
21:25 Castle Age
20:37 Scale Mail Armor
20:32 Gold Mining
21:37 Forging
21:34 Crossbowman
22:18 Bodkin Arrow
24:20 Wheelbarrow
23:33 Eagle Warrior
26:32 Bow Saw
26:50 Devotion
28:43 Fervor
29:04 Sanctity
29:21 Pikeman
31:06 Squires
35:22 Imperial Age
33:01 Stone Mining
33:55 Redemption
34:35 Hand Cart
34:15 Town Watch
35:06 Arson
35:34 Forging
35:48 Elite Eagle Warrior
39:02 Chain Mail Armor
39:23 Iron Casting
39:19 Block Printing
39:29 Illumination
40:01 Conscription
40:15 Plate Mail Armor
41:23 Blast Furnace
41:09 Heavy Plow
41:54 Gold Shaft Mining
40:53 Capped Ram
42:12 Garland Wars
41:55 Padded Archer Armor
Connection lost

Rejoining the realm…

Still unreachable

The connection could not be restored.

Session expired

The server has moved on; the page needs a fresh start.